 Dungeon Crawl Stone Soup version 0.20-a0-739-g6bb112f (webtiles) character file.

1926 Kareekexe the Zephyrmancer (level 9, -3/79 HPs)
             Began as a Tengu Air Elementalist on Feb 23, 2017.
             Was a Believer of Vehumet.
             Slain by a scorpion (6 damage)
             ... on level 8 of the Dungeon on Feb 24, 2017.
             The game lasted 00:24:40 (6452 turns).

Kareekexe the Zephyrmancer (Tengu Air Elementalist) Turns: 6452, Time: 00:24:41

Health: -3/79      AC: 24    Str:  8    XL:     9   Next: 17%
Magic:  0/17       EV:  2    Int: 19    God:    Vehumet [**....]
Gold:   259        SH:  0    Dex: 15    Spells: 3/18 levels left

rFire    . . .     SeeInvis .   u - +3 great mace (crush)
rCold    . . .     Gourm    .   (armour currently unavailable)
rNeg     + + +     Faith    .   (shield currently unavailable)
rPois    +         Spirit   .   (helmet currently unavailable)
rElec    .         Reflect  .   (cloak currently unavailable)
rCorr    .         Harm     .   (gloves currently unavailable)
MR       .....     NoTele   +   (boots unavailable)
Stlth    ++........             (no amulet)
Regen    0.3/turn               (no ring)
MPRegen  0.2/turn               q - ring of wizardry

@: tree-form
A: (beak), (horns 0), (talons 0), (fire resistance 0), able to fly 1
a: Fly, Renounce Religion


You were on level 8 of the Dungeon.
You worshipped Vehumet.
Vehumet was pleased with you.
You were not hungry.
You were a tree.
You visited 2 branches of the dungeon, and saw 9 of its levels.
You also visited: Sewer.

You collected 259 gold pieces.

Inventory:

Hand Weapons
 n - a +5 short sword
 u - a +3 great mace of crushing (weapon)
Armour
 a - a +0 robe (melded)
 j - a +0 shield
Jewellery
 q - a ring of wizardry (left branch)
 C - an uncursed amulet of regeneration {unknown}
Scrolls
 d - 3 scrolls of identify
 g - 3 scrolls of remove curse
 h - 5 scrolls of teleportation {unknown}
 i - 2 scrolls of noise {unknown}
 k - 2 scrolls of fear {unknown}
 o - 2 scrolls of enchant armour
 p - 3 scrolls of blinking {unknown}
 r - 3 scrolls of magic mapping
 v - 2 scrolls of enchant weapon
 x - a scroll of amnesia {unknown}
 y - a scroll of recharging {unknown}
Potions
 e - 3 potions of agility
 s - 2 potions of degeneration
 z - a potion of heal wounds {unknown}
 A - a potion of might {unknown}
Books
 b - a book of Air

   Spells                             Type                      Level
   a - Shock                          Conjuration/Air              1
   b - Swiftness                      Charms/Air                   2
   c - Static Discharge               Conjuration/Air              3
   d - Airstrike                      Air                          4
   e - Lightning Bolt                 Conjuration/Air              5
 B - a book of Necromancy

   Spells                             Type                      Level
   a - Pain                           Necromancy                   1
   b - Animate Skeleton               Necromancy                   1
   c - Vampiric Draining              Necromancy                   3
   d - Regeneration                   Charms/Necromancy            3
   e - Animate Dead                   Necromancy                   4
   f - Control Undead                 Necromancy                   4
Comestibles
 c - 3 bread rations
 m - 9 fruits
 t - 2 royal jellies
 w - a meat ration
 D - 5 chunks of flesh


   Skills:
 + Level 4.9 Fighting
 + Level 6.3 Dodging
 - Level 2.0 Stealth
 + Level 5.0 Spellcasting
 + Level 6.4 Conjurations
 + Level 8.0 Air Magic


You had 3 spell levels left.
You knew the following spells:

 Your Spells              Type           Power        Failure   Level  Hunger
a - Shock                 Conj/Air       ####         1%          1    None
b - Swiftness             Chrm/Air       ###.....     1%          2    #......
c - Static Discharge      Conj/Air       ####....     1%          3    ##.....
d - Airstrike             Air            #####.....   2%          4    ####...
e - Lightning Bolt        Conj/Air       ####......   7%          5    ######.


Dungeon Overview and Level Annotations

Branches:
Dungeon (8/15)             Temple (1/1) D:5
   Lair: D:8-11

Altars:
Ashenzari
Cheibriados
Dithmenos
Elyvilon
Fedhas
Gozag
Hepliaklqana
Kikubaaqudgha
Makhleb
Nemelex Xobeh
Okawaru
Qazlal
Ru
Sif Muna
Trog
Uskayaw
Vehumet
Wu Jian
Xom
Yredelemnul
Zin
The Shining One

Annotations:
D:3 Kokiki's ghost, amateur DEAE; Sigmund
D:5 Pikel
D:6 retryentry's ghost, novice GrFi


Innate Abilities, Weirdness & Mutations

((You have a beak for a mouth.))
((You have claws for feet.))
You can fly.
((You have a pair of small horns on your head.))
((Your flesh is heat resistant. (rF+)))


Message History

The bullfrog hits you but does no damage. x2
The hog bites you but does no damage.
The bullfrog hits you but does no damage.
The scorpion stings you but does no damage.
The bullfrog hits you but does no damage.
The bullfrog barely misses you.
Casting: Static Discharge
Confirm with . or Enter, or press ? or * to list all spells.
The hog is struck by lightning.
The hog is lightly wounded.
The lightning grounds out.
The scorpion is struck by lightning.
The scorpion is heavily wounded.
The lightning grounds out.
The plant is struck by lightning.
The plant is lightly damaged.
The lightning grounds out.
The hog squeals angrily.
The hog bites you but does no damage.
The bullfrog hits you but does no damage. x3
The scorpion stings you.
You die... #....#######P. #............. #....P...PP.P. #............. #.....PPPP.P.. #..........h.. #....FhPPPPPPP

#....s♣F......
#.....PFPPPP.P
###...†.......
#....PPPP.PP
##..........
#..P♣......
###.♣♣♣♣♣♣♣
###


You could see 2 hogs, 3 bullfrogs and a scorpion.

Vanquished Creatures
  A hippogriff (D:7)
  2 phantoms
  2 sky beasts (D:6)
  3 slaves
  An ice beast (D:5)
  2 ogres
  3 bullfrogs
  4 wights (D:5)
  An electric eel (D:8)
  2 crimson imps
  3 hounds (D:5)
  A jelly (D:6)
  A bullfrog skeleton (D:7)
  An iguana (D:4)
  4 orc wizards
  4 worker ants
  A howler monkey zombie (D:5)
  4 gnolls (D:5)
  2 river rats
  8 adders
  4 shadow imps
  An adder zombie (D:7)
  An adder skeleton (D:6)
  2 worms
  2 dart slugs
  5 leopard geckos
  13 orcs
  8 ball pythons
  4 giant cockroaches
  2 goblins
  7 hobgoblins
  5 jackals
  6 kobolds
  2 quokkas
  8 bats
  5 frilled lizards
  2 leopard gecko zombies
  12 rats
  A plant (D:8)
140 creatures vanquished.

Notes
Turn   | Place    | Note
-------+----------+-------------------------------------------
     0 | D:1      | Kareekexe the Tengu Air Elementalist began the quest for the Orb.
     0 | D:1      | Reached XP level 1. HP: 10/10 MP: 4/4
     0 | D:1      | Upgraded the game from 0.20-a0-738-gb057e68 to 0.20-a0-739-g6bb112f
    94 | D:1      | Reached XP level 2. HP: 14/15 MP: 0/6
   597 | D:2      | Reached XP level 3. HP: 20/20 MP: 1/7
   720 | D:2      | Reached skill level 1 in Fighting
   881 | D:2      | Found a shattered altar of Ashenzari.
  1016 | D:2      | Gained mutation: You have a pair of small horns on your head. [potion of mutation]
  1016 | D:2      | Gained mutation: Your flesh is heat resistant. (rF+) [potion of mutation]
  1115 | D:2      | Reached XP level 4. HP: 10/25 MP: 0/8
  1119 | D:2      | Learned a level 2 spell: Swiftness
  1123 | D:2      | Learned a level 3 spell: Static Discharge
  1425 | D:3      | Noticed Sigmund
  1432 | D:3      | Noticed Kokiki's ghost (amateur DEAE)
  1581 | D:4      | Reached skill level 5 in Air Magic
  1687 | D:4      | Gained mutation: You can fly. [Tengu growth]
  1687 | D:4      | Reached XP level 5. HP: 20/30 MP: 1/10
  2063 | D:5      | Entered Level 5 of the Dungeon
  2294 | D:5      | Found a hazy altar of Hepliaklqana.
  2536 | D:5      | Found a staircase to the Ecumenical Temple.
  2549 | Temple   | Entered the Ecumenical Temple
  2597 | Temple   | Became a worshipper of Vehumet
  2654 | D:5      | Reached XP level 6. HP: 33/35 MP: 5/11
  2784 | D:5      | Noticed a slave
  2796 | D:5      | Learned a level 4 spell: Airstrike
  2966 | D:5      | Noticed a slave
  2966 | D:5      | Noticed a slave
  2983 | D:5      | Noticed a slave
  3028 | D:4      | Killed a slave
  3097 | D:5      | Killed a slave
  3101 | D:5      | Killed a slave
  3174 | D:5      | Noticed Pikel
  3242 | D:5      | Noticed a phantom
  3438 | D:5      | Reached XP level 7. HP: 38/40 MP: 0/13
  3561 | D:5      | Reached skill level 6 in Air Magic
  3561 | D:5      | HP: 1/40 [/static electricity (2)]
  4517 | D:5      | Found a burning altar of Makhleb.
  4897 | D:6      | Reached * piety under Vehumet
  4897 | D:6      | Offered knowledge of Sandblast by Vehumet.
  4897 | D:6      | Reached XP level 8. HP: 33/47 MP: 0/15
  4908 | D:6      | Learned a level 5 spell: Lightning Bolt
  4941 | D:6      | Reached skill level 5 in Dodging
  4951 | D:6      | Found a glowing drain.
  4984 | Sewer    | Entered a sewer
  5429 | D:6      | Reached skill level 5 in Conjurations
  5678 | D:6      | Noticed retryentry's ghost (novice GrFi)
  5734 | D:6      | Reached skill level 7 in Air Magic
  6067 | D:7      | Noticed a hippogriff
  6090 | D:7      | Killed a hippogriff
  6093 | D:7      | Found a bloodstained altar of Trog.
  6135 | D:7      | Reached XP level 9. HP: 49/52 MP: 3/17
  6335 | D:7      | Reached ** piety under Vehumet
  6399 | D:8      | Noticed a two-headed ogre
  6411 | D:8      | Reached skill level 5 in Spellcasting
  6411 | D:8      | Reached skill level 8 in Air Magic
  6438 | D:8      | Offered knowledge of Sting by Vehumet.
  6451 | D:8      | HP: 3/79 [scorpion (4)]
  6452 | D:8      | Slain by a scorpion

Vault maps used:
D:1:      dpeg_arrival_tiny_a
D:2:      first_bread, evilmike_ruin_ashenzari
D:3:      uniq_sigmund
D:4:      st_stairs_4, minmay_misc_feat_iff
D:5:      lemuel_doored_altar, minmay_temple_entry_junction_2,
          makhleb_blood_cavern_becter, uniq_pikel
D:6:      gup_sewer_entry_bowl
D:7:      basic_altar
D:8:      kennysheep_town
Temple:   compressed_dpeg_circular_temple
Sewer:    sewer_co_cracked_pipes

Skill      XL: |  1  2  3  4  5  6  7  8  9 |
---------------+----------------------------+-----
Fighting       | 1 2 3 4 |  4.9
Conjurations   | 2 3 4 6 |  6.4
Air Magic      | 5 6 7 8 |  8.0
Dodging        | 3 4 6 |  6.3
Spellcasting   | 3 4 5 |  5.0
Stealth        | |  2.0

Action                   |  1- 3 |  4- 6 |  7- 9 || total
-------------------------+-------+-------+-------++-------
Melee: Unarmed           |    28 |    55 |       ||    83
       Peck              |     2 |    16 |     8 ||    26
       Kick              |     5 |    12 |    11 ||    28
       Headbutt          |       |     5 |     6 ||    11
       Short sword       |       |     8 |    10 ||    18
       Great mace        |       |       |    74 ||    74
 Cast: Shock             |    77 |    78 |   130 ||   285
       Static Discharge  |       |     9 |    18 ||    27
       Airstrike         |       |    11 |    14 ||    25
       Swiftness         |       |       |     1 ||     1
 Abil: Fly               |       |       |     1 ||     1
Evoke: Wand              |       |       |     6 ||     6
  Use: Scroll            |     3 |     3 |     3 ||     9
       Potion            |     3 |       |     6 ||     9
 Stab: Sleeping          |       |     3 |     1 ||     4
  Eat: Chunk             |     1 |    10 |    10 ||    21
       Meat ration       |       |       |     1 ||     1
Armor: Robe              |    11 |     8 |     9 ||    28
       Skin              |       |       |    70 ||    70
Dodge: Dodged            |    42 |    67 |   108 ||   217
